 Crawl Stoat Soup version 0.23-ish-327-95-g181beea39d (console) character file.

348 ceb the Grave Robber (level 6, 0/38 HPs)
             Began as a Faerie Dragon Necromancer on Apr 9, 2024.
             Slain by an ogre
             ... wielding a +0 giant club
              (17 damage)
             ... on level 4 of the Dungeon.
             The game lasted 00:05:01 (3562 turns).

ceb the Grave Robber (Faerie Dragon Necromancer)    Turns: 3562, Time: 00:05:02

Health: 0/38       AC:  8    Str:  6    XL:     6   Next: 60%
Magic:  9/9 (12)   EV: 15    Int: 20    God:
Gold:   229        SH:  6    Dex: 13    Spells: 1/13 levels left

rFire    . . .     SeeInvis .   b - +0 trident
rCold    . . .     Gourm    .   (shield currently unavailable)
rNeg     . . .     Faith    .   (armour unavailable)
rPois    .         Spirit   .   (helmet restricted)
rElec    .         Warding  .   (no cloak)
rCorr    .         Reflect  .   o - +1 pair of gloves
MR       .....     Harm     .   (no boots)
Stlth    +.........             (no amulet)
HPRegen  1.12/turn              (no ring)
MPRegen  0.13/turn              (no ring)

@: flying, regenerating, 3 MP reserved for charms, 0.10 MP regen used to sustain
charms
A: small, sparkly, unfitting armour, magic attunement, magical scales, able to
fly
a: Stop Flying, End Permanent Enchantments


You were on level 4 of the Dungeon.
You were not hungry.

You visited 1 branch of the dungeon, and saw 4 of its levels.

You collected 229 gold pieces.

Inventory:

Hand Weapons
 a - a +0 short sword
 b - a +0 trident (weapon)
Armour
 o - a +1 pair of gloves (worn)
 s - a cursed +0 pair of gloves
Scrolls
 d - 5 scrolls of identify {unknown}
 e - 4 scrolls of fog {unknown}
 f - 3 scrolls of enchant weapon {unknown}
 g - 4 scrolls of remove curse {unknown}
 k - 5 scrolls of teleportation {unknown}
 m - 2 scrolls of fear {unknown}
Potions
 i - 3 potions of curing {unknown}
 j - a potion of agility {unknown}
 l - a potion of might {unknown}
 n - 2 potions of magic {unknown}
 p - 3 potions of mutation {unknown}
 q - a potion of cancellation {unknown}
Comestibles
 c - 5 bread rations
 h - 3 meat rations


   Skills:
 + Level 1.6 Fighting
 + Level 4.2 Dodging
 - Level 1.2 Stealth
 + Level 4.2 Spellcasting
 * Level 6.7 Necromancy


You had one spell level left.
You knew the following spells:

 Your Spells              Type           Power        Failure   Level  Hunger
a - Necrotise             Necr           25/25        1%          1    None
b - Animate Dead          Necr           N/A          8%          4    None
c - Vampiric Draining     Necr           31/200       2%          3    None
d - Regeneration          Chrm/Necr      17/200       30%         4    None

Your spell library contained the following spells:

 Spells                   Type           Power        Failure   Level  Hunger
 Apportation              Tloc           4/50         13%         1    None
 Confusing Touch          Hex            4/50         13%         1    None
 Magic Dart               Conj           4/25         13%         1    None
 Summon Small Mammal      Summ           4/25         13%         1    None
 Blink                    Tloc           4/50         19%         2    None
 Call Imp                 Summ           4/100        19%         2    None
 Slow                     Hex            4/100        19%         2    None
 Conjure Flame            Conj/Fire      4/100        36%         3    None
 Mephitic Cloud           Conj/Pois/Air  4/100        36%         3    None


Dungeon Overview and Level Annotations

Branches:
Dungeon (4/15)
 Temple: D:4-7

Altars:


Innate Abilities, Weirdness & Mutations

Your sparkly wings attract attention (Stealth-).
You are small and have problems with some larger weapons.
You cannot fit into any form of body armour.
Your spells do not cause hunger; their MP costs are reduced by 1.
Your shimmering scales repel attacks (AC +6, SH +6).
You can fly continuously.


Message History

Aiming: Necrotise (safe; 1% risk of failure)
Press: ? - help, Shift-Dir - straight line, f/p - ogre
Aim: an ogre, wielding a giant club (heavily wounded, chance to defeat MR: 84%)
The ogre barely resists.
The orc shouts!
You block the ogre's attack.
Casting: Necrotise (safe; 1% risk of failure)
Confirm with . or Enter, or press ? or * to list all spells.
Aiming: Necrotise (safe; 1% risk of failure)
Press: ? - help, Shift-Dir - straight line, f/p - ogre
Aim: an ogre, wielding a giant club (heavily wounded, chance to defeat MR: 84%)
The ogre writhes in agony.
The ogre hits you with a giant club!!
Ouch! That really hurt!
Casting: Necrotise (safe; 1% risk of failure)
Confirm with . or Enter, or press ? or * to list all spells.
Aiming: Necrotise (safe; 1% risk of failure)
Press: ? - help, Shift-Dir - straight line, f/p - ogre
Aim: an ogre, wielding a giant club (severely wounded, chance to defeat MR: 84%)
The ogre barely resists.
The ogre hits you with a giant club!
You die...

###..........###.#...█
█.....
#####....#....@# ....
....##
........a.O.....█
.......
...#............
..).... #............
.... ...#+#..o.o...
.... .... .........
.... ... .........
.... .. ......... ....
..


You could see an ogre, a worker ant and 2 orcs.

Vanquished Creatures
  A scorpion (D:3)
  2 orc priests (D:3)
  2 bullfrog skeletons (D:4)
  3 gnolls (D:4)
  5 adders
  An ooze (D:2)
  A worm (D:3)
  2 leopard geckos (D:2)
  7 orcs
  8 bats
  7 giant cockroaches
  6 goblins
  2 hobgoblins
  15 jackals
  2 weasels
  A ball python (D:1)
  4 frilled lizards
  8 kobolds
  A leopard gecko skeleton (D:4)
  9 rats
87 creatures vanquished.

Vanquished Creatures (collateral kills)
  A hound skeleton (D:4)
  2 adders
  An orc (D:3)
  A leopard gecko skeleton (D:4)
5 creatures vanquished.

Grand Total: 92 creatures vanquished

Notes
Turn   | Place    | Note
-------+----------+-------------------------------------------
     0 | D:1      | ceb the Faerie Dragon Necromancer began the quest for the
                  | Orb.
     0 | D:1      | Reached XP level 1. HP: 11/11 MP: 3/3
   259 | D:1      | Reached skill level 5 in Necromancy
   259 | D:1      | Reached XP level 2. HP: 17/17 MP: 5/5
   960 | D:2      | Reached XP level 3. HP: 21/21 MP: 7/7
  1037 | D:2      | Reached XP level 4. HP: 27/27 MP: 8/8
  1841 | D:2      | Learned a level 4 spell: Animate Dead
  1845 | D:2      | Learned a level 3 spell: Vampiric Draining
  2075 | D:3      | Reached XP level 5. HP: 31/31 MP: 10/10
  2120 | D:3      | Reached skill level 6 in Necromancy
  2604 | D:3      | HP: 1/32 [orc priest/nerve-wracking pain (14)]
  2606 | D:3      | Reached skill level 1 in Fighting
  2608 | D:3      | Reached XP level 6. HP: 9/38 MP: 2/12
  2828 | D:3      | Learned a level 4 spell: Regeneration
  3562 | D:4      | Slain by an ogre

Vault maps used:
D:1:      psy_arrival_radial02, minmay_statues_item, minmay_strange_pillars
D:2:      nrook_campfire, minmay_misc_feat_more_columns, minmay_vboxes
D:3:      first_bread
D:4:      makhleb_altar_promises_db

Skill      XL: |  1  2  3  4  5 |
---------------+----------------+-----
Necromancy     | 5 6 |  6.7
Spellcasting   | 3 4 |  4.2
Dodging        | 3 4 |  4.2
Fighting       | 1 |  1.6
Stealth        | |  1.2

Action                   |  1- 3 |  4- 6 || total
-------------------------+-------+-------++-------
Melee: Trident           |       |    19 ||    19
       Short sword       |       |     7 ||     7
 Cast: Necrotise         |    44 |    97 ||   141
       Vampiric Draining |       |     4 ||     4
       * Regeneration    |       |     7 ||     7
       Animate Dead      |       |     1 ||     1
  Eat: Chunk             |       |     8 ||     8
Armor: Skin              |     4 |     8 ||    12
Dodge: Dodged            |     5 |    40 ||    45
Block: Other             |     5 |    25 ||    30
* Casting counts for permanent charms are approximate representations of how often the player would have had to cast a non-permanent spell for the same benefits.

Table legend:
 A = Spawn XP
 B = Non-spawn XP
 C = Spawn XP percentage of total XP
 D = Spawn monster count
 E = Non-spawn monster count
 F = Spawn count percentage of total count
 G = Total turns spent on level
                    A         B        C        D         E        F      G
               +---------+---------+-------+---------+---------+-------+---------
         Total |      29 |     469 |   5.8 |      11 |      81 |  12.0 |  3562
               +---------+---------+-------+---------+---------+-------+---------
           D:1 |       1 |      26 |   3.7 |       1 |      19 |   5.0 |   939
           D:2 |       6 |     117 |   4.9 |       3 |      32 |   8.6 |   978
           D:3 |      22 |     175 |  11.2 |       7 |      19 |  26.9 |  1197
           D:4 |       0 |     151 |   0.0 |       0 |      11 |   0.0 |   448
               +---------+---------+-------+---------+---------+-------+---------
